 Dungeon Crawl Stone Soup version 0.29.1 (webtiles) character file.

Game seed: 17663617744703026828

11211 EvilAshe the Carver (level 12, -14/141 HPs)
             Began as a Human Fighter on Sept 13, 2022.
             Was a Follower of the Shining One.
             Demolished by a minotaur
             ... wielding a +1 vorpal flail
              (18 damage)
             ... in a Gauntlet.
             The game lasted 00:44:20 (18433 turns).

EvilAshe the Carver (Human Fighter)                Turns: 18433, Time: 00:44:21

Health: -14/141    AC: 17    Str: 22    XL:     12   Next: 4%
Magic:  0/12       EV:  6    Int: 13    God:    the Shining One [*.....]
Gold:   505        SH:  5    Dex: 13    Spells: 11/11 levels left

rFire   + . .      SeeInvis .   a - +1 long sword
rCold   . . .      Faith    .   c - +0 buckler
rNeg    + . .      Spirit   +   t - +0 plate armour
rPois   .          Reflect  .   (no helmet)
rElec   .          Harm     .   F - scarf {repulsion}
rCorr   .          Rampage  .   o - +1 pair of gloves
Will    .....      NoTele   +   k - +0 pair of boots
Stlth   ..........              b - amulet of guardian spirit
HPRegen 0.33/turn               C - ring of protection from fire
MPRegen 0.13/turn               v - ring "Boecinuw" {Fly rN+ Int+5}

@: berserking (expiring), flying, glowing, repel missiles, very quick
A: no striking features
a: Renounce Religion, Divine Shield


You were in a Gauntlet.
You worshipped the Shining One.
The Shining One was aware of your devotion.
You visited 2 branches of the dungeon, and saw 13 of its levels.
You also visited: Ossuary and Gauntlet.

You collected 620 gold pieces.
You spent 115 gold pieces at shops.

Inventory:

Hand Weapons
 a - a +1 long sword (weapon)
Missiles
 f - 58 stones
 x - 9 poisoned darts (quivered)
Armour
 c - a +0 buckler (worn)
 k - a +0 pair of boots (worn)
 o - a +1 pair of gloves (worn)
 t - a +0 plate armour (worn)
 F - a scarf of repulsion (worn)
Jewellery
 b - an amulet of guardian spirit (around neck)
 g - a +6 ring of intelligence
 p - a ring of positive energy
 v - the ring "Boecinuw" (right hand) {Fly rN+ Int+5}
   (You found it on level 9 of the Dungeon)

   [ring of flight]

   Int:       It affects your intelligence (+5).
   rN:        It protects you from negative energy.
   Fly:       It grants you flight.
 C - a ring of protection from fire (left hand)
 G - a ring of poison resistance
Wands
 l - a wand of flame (5)
 E - a wand of iceblast (4)
Scrolls
 d - a scroll of fog
 e - 2 scrolls of blinking
 j - 5 scrolls of teleportation
 m - a scroll of enchant armour
 r - a scroll of vulnerability
 y - 2 scrolls of fear
 B - a scroll of identify
 D - 2 scrolls of poison
 H - 2 scrolls of enchant weapon
Potions
 i - a potion of heal wounds
 n - 3 potions of mutation
 q - a potion of resistance
 s - a potion of degeneration {unknown}
 u - a potion of brilliance {unknown}
 z - 4 potions of flight
 A - a potion of haste


   Skills:
 + Level 8.7 Fighting
 * Level 13.4 Long Blades
 + Level 8.7 Armour
 - Level 5.0 Shields
 + Level 2.9 Evocations


You had 11 spell levels left.
You didn't know any spells.
Your spell library contained the following spells:

 Spells                   Type           Power      Damage    Failure   Level
 Foxfire                  Conj/Fire      0%         2x1d4     99%         1
 Freeze                   Ice            0%         1d3       99%         1
 Conjure Flame            Conj/Fire      0%         6-21      100%        3
 Dazzling Flash           Conj/Hex       0%         N/A       100%        3
 Frozen Ramparts          Ice            0%         1d1       100%        3
 Inner Flame              Hex/Fire       0%         N/A       100%        3
 Tukima's Dance           Hex            0%         N/A       100%        3
 Anguish                  Hex/Necr       0%         N/A       100%        4
 Flame Wave               Conj/Fire      0%         2d4       100%        4
 Hailstorm                Conj/Ice       0%         3d3       100%        4
 Passage of Golubria      Tloc           0%         N/A       100%        4
 Agony                    Necr           0%         N/A       100%        5
 Silence                  Hex/Air        0%         N/A       100%        5
 Yara's Violent Unravell  Hex/Tmut       0%         3d3       100%        5
 Enfeeble                 Hex            0%         N/A       100%        7


Dungeon Overview and Level Annotations

Branches:
Dungeon (12/15)            Temple (1/1) D:5            Lair (0/5) D:9
    Orc (0/2) D:10        Ossuary (visited)         Gauntlet (1/1)

Altars:
Ashenzari
Cheibriados
Dithmenos
Elyvilon
Fedhas
Gozag
Hepliaklqana
Kikubaaqudgha
Makhleb
Nemelex Xobeh
Qazlal
Ru
Sif Muna
Uskayaw
Vehumet
Wu Jian
Xom
Yredelemnul
Zin
The Shining One

Shops:
D:1 ?   D:7 *(   D:9 (*[!*

Annotations:
D:8 Gastronok, Psyche Gauntlet 6 transporters


Message History

The minotaur is moderately wounded.
The minotaur closely misses you. The minotaur gores you.
You slash the minotaur!
The minotaur is heavily wounded.
You hit the minotaur but do no damage.
The minotaur is heavily wounded.
You block the minotaur's attack. The minotaur gores you!
You hit the minotaur but do no damage.
The minotaur is heavily wounded.
The minotaur hits you with a +1 vorpal flail!
* * * LOW HITPOINT WARNING * * *
The minotaur gores you!
* * * LOW HITPOINT WARNING * * *
You slash the minotaur!
The minotaur is heavily wounded.
You hit the minotaur.
The minotaur is severely wounded.
You block the minotaur's attack. The minotaur gores you!
* * * LOW HITPOINT WARNING * * *
You completely miss the minotaur.
The minotaur is severely wounded.
You hit the minotaur.
The minotaur is severely wounded.
You slash the minotaur!
The minotaur is almost dead.
The minotaur hits you with a +1 vorpal flail!
* * * LOW HITPOINT WARNING * * *
x2 The minotaur completely misses you.
You hit the minotaur but do no damage.
The minotaur is almost dead.
You barely miss the minotaur.
The minotaur is almost dead.
The minotaur hits you with a +1 vorpal flail.
* * * LOW HITPOINT WARNING * * *
x2 The minotaur gores you.
* * * LOW HITPOINT WARNING * * *
You slash the minotaur!
The minotaur is almost dead.
The minotaur hits you with a +1 vorpal flail!!
You die...

#####..#..##..≈#
#©©#.##©##©#..## ...
#####..#..##..≈# ..# #
#..#.##.##s#..###..##.
#..#....ssB#..#......
#..#########..#©...# ##
............∩.#....##...
..............#.......#
.###########..#©@H.#
.#........X#..#....#
.#.#.##.##.#.§###.....#
.#...#.....#..§# ..##.#
##..##.##.)#.§## ..# ..
©#..#.©#..©#..≈# ... #
##.##.##.#.#..## ..##
.#.#..#....#..≈# ###
.#.#.##.##.#..##


You could see a minotaur, an entropy weaver, a wolf spider, a thrashing horror
and a redback.

Vanquished Creatures
  2 two-headed ogres
  A necromancer (Gauntlet)
  A cyclops (D:12)
  Maurice (D:9)
  Joseph (D:10)
  A cane toad (shapeshifter) (Gauntlet)
  4 trolls (D:9)
  A polar bear (shapeshifter) (D:10)
  A dream sheep (D:10)
  2 shadows
  2 wraiths (D:9)
  6 yaks
  Grum (D:8)
  2 small abominations (Gauntlet)
  2 steam dragons
  Menkaure (D:7)
  Duvessa (D:6)
  A warg (D:10)
  2 acid dragons
  2 black bears (D:7)
  2 orc warriors (D:10)
  2 sky beasts
  An ogre (D:6)
  5 centaurs
  12 wolves
  An elf skeleton (D:6)
  4 bullfrogs (D:6)
  A scorpion (D:5)
  A necrophage (D:7)
  5 wights
  Dowan (D:6)
  16 killer bees
  2 electric eels (D:9)
  4 howler monkeys
  2 gnoll boudas
  5 orc priests
  5 hounds
  A jelly (D:6)
  A human skeleton (D:6)
  5 iguanas
  3 orc wizards
  A human simulacrum (D:9)
  5 gnolls
  5 adders
  A shadow imp (D:8)
  3 white imps
  3 ufetubi
  2 dart slugs
  14 orcs
  6 ball pythons
  4 endoplasms (D:2)
  3 giant cockroaches
  7 hobgoblins
  3 jackals (D:5)
  7 kobolds
  4 quokkas
  3 bats
  4 frilled lizards
  2 goblins (D:1)
  3 orc skeletons (D:6)
  An orc zombie (D:6)
  3 rats
198 creatures vanquished.

Vanquished Creatures (others)
  A human simulacrum (D:9)
1 creature vanquished.

Grand Total: 199 creatures vanquished

Notes
Turn   | Place    | Note
-------+----------+-------------------------------------------
     0 | D:1      | EvilAshe the Human Fighter began the quest for the Orb.
     0 | D:1      | Reached XP level 1. HP: 18/18 MP: 1/1
   159 | D:1      | Found Ifiustac's Magic Scroll Boutique.
   287 | D:1      | Reached XP level 2. HP: 22/24 MP: 2/2
   948 | D:1      | Reached XP level 3. HP: 29/29 MP: 3/3
   953 | D:2      | Reached skill level 3 in Long Blades
  1986 | D:2      | Scarf behind iguana
  2102 | D:3      | Found a shimmering blue altar of Sif Muna.
  2180 | D:3      | Reached XP level 4. HP: 34/35 MP: 2/4
  2466 | D:3      | Found a sacrificial altar of Ru.
  2468 | D:3      | Found a broken altar of Ashenzari.
  2468 | D:3      | Found an opulent altar of Gozag.
  2470 | D:3      | Found a glowing golden altar of the Shining One.
  2470 | D:3      | Found a shimmering altar of Xom.
  2470 | D:3      | Found a glowing silver altar of Zin.
  2555 | D:5      | Entered Level 5 of the Dungeon
  2659 | D:4      | Found a stormy altar of Qazlal.
  2752 | D:4      | Found a faded altar of an unknown god.
  2752 | D:4      | Found a hazy altar of Hepliaklqana.
  2752 | D:4      | Found a faded altar of an unknown god.
  2754 | D:4      | Found a faded altar of an unknown god.
  3344 | D:4      | Reached skill level 4 in Long Blades
  3347 | D:4      | Reached XP level 5. HP: 19/41 MP: 1/5
  3641 | D:4      | Identified the +5 rapier of Anguish {venom, rF+ Str+3 SInv
                  | Stlth+}
  3690 | D:5      | Noticed an ogre
  4176 | D:4      | Reached XP level 6. HP: 41/47 MP: 4/6
  4429 | D:5      | Reached skill level 5 in Long Blades
  4674 | D:6      | Found a sand-covered staircase.
  4679 | Ossuary  | Entered an ossuary
  5055 | D:5      | Reached XP level 7. HP: 45/52 MP: 7/7
  5304 | D:5      | Reached skill level 6 in Long Blades
  5304 | D:5      | Reached skill level 5 in Shields
  5401 | D:5      | Found a staircase to the Ecumenical Temple.
  5407 | Temple   | Entered the Ecumenical Temple
  6385 | D:6      | Reached skill level 7 in Long Blades
  6448 | D:6      | Noticed a steam dragon
  6478 | D:6      | Killed a steam dragon
  6479 | D:6      | Reached XP level 8. HP: 32/58 MP: 6/8
  6635 | D:6      | Noticed a yak
  6800 | D:6      | Noticed a yak
  6807 | D:6      | Noticed Dowan
  6807 | D:6      | Noticed Duvessa
  6808 | D:6      | Noticed a yak
  7129 | D:5      | Killed a yak
  7350 | D:5      | Killed a yak
  7351 | D:5      | Reached skill level 8 in Long Blades
  7516 | D:6      | Killed a yak
  7787 | D:6      | Killed Dowan
  7873 | D:6      | Killed Duvessa
  7874 | D:6      | Reached XP level 9. HP: 11/66 MP: 2/9
  8297 | D:7      | Noticed Menkaure
  8310 | D:6      | Reached skill level 9 in Long Blades
  8350 | D:7      | Found Huis's Antique Weapon Shop.
  8607 | D:6      | Found an opulent altar of Gozag.
  8608 | D:6      | Found a sacrificial altar of Ru.
  8608 | D:6      | Found an ancient bone altar of Kikubaaqudgha.
  8614 | D:6      | Found a blossoming altar of Fedhas.
  8614 | D:6      | Found a sparkling altar of Nemelex Xobeh.
  8697 | D:7      | Found a basalt altar of Yredelemnul.
  8749 | D:7      | Reached skill level 5 in Fighting
  8749 | D:7      | Reached skill level 5 in Armour
  8919 | D:7      | Found a radiant altar of Vehumet.
  9001 | D:7      | Found Mesec's Overcharged Wands.
  9295 | D:7      | Killed Menkaure
  9394 | D:7      | Noticed a two-headed ogre
  9537 | D:7      | Killed a two-headed ogre
  9538 | D:7      | Reached skill level 10 in Long Blades
  9751 | D:7      | Reached XP level 10. HP: 76/76 MP: 10/10
 10012 | D:8      | Noticed Gastronok
 11422 | D:8      | Noticed Grum
 11430 | D:7      | Reached skill level 11 in Long Blades
 12001 | D:8      | Killed Grum
 12124 | D:8      | Noticed Psyche
 12684 | D:10     | Entered Level 10 of the Dungeon
 12948 | D:9      | Found Qejypp's Antique Armour Shop.
 12949 | D:9      | Identified the ring "Boecinuw" {Fly rN+ Int+5}
 12978 | D:9      | Found a glowing golden altar of the Shining One.
 12987 | D:9      | Became a worshipper of the Shining One
 13014 | D:9      | Found a staircase to the Lair.
 13234 | D:9      | Found Synericu's Assorted Antiques.
 13300 | D:9      | Noticed Maurice
 13497 | D:9      | You are sucked into a shaft and drop 2 floors!
 13925 | D:8      | Found a broken altar of Ashenzari.
 13978 | D:9      | Killed Maurice
 14056 | D:9      | Found Hixeggo's Weapon Boutique.
 14135 | D:9      | Reached XP level 11. HP: 49/84 MP: 6/11
 14293 | D:9      | Reached skill level 12 in Long Blades
 14795 | D:9      | Found Kaitimue's General Store.
 14803 | D:9      | Bought a scroll of teleportation for 36 gold pieces
 14803 | D:9      | Bought a scroll of identify for 24 gold pieces
 15230 | D:9      | Found Esoxun's Distillery.
 15238 | D:9      | Bought a potion of berserk rage for 55 gold pieces
 15605 | D:10     | Noticed a two-headed ogre
 15858 | D:10     | Found a staircase to the Orcish Mines.
 16041 | D:10     | Identified the +3 quarterstaff "Caxinu Tusm" {vorpal,
                  | Fragile rN+ SInv}
 16275 | D:10     | Noticed Joseph
 16487 | D:10     | Killed Joseph
 16640 | D:10     | Reached skill level 1 in Evocations
 16669 | D:10     | Reached * piety under the Shining One
 16897 | D:10     | Killed a two-headed ogre
 16898 | D:10     | Reached skill level 13 in Long Blades
 17579 | D:12     | Found a gate leading to a gauntlet.
 17584 | D:12     | Noticed a cyclops
 17601 | D:12     | Killed a cyclops
 17606 | Gauntlet | Entered a Gauntlet
 17606 | Gauntlet | Noticed a necromancer
 17606 | Gauntlet | Found a transporter.
 17606 | Gauntlet | Found a transporter.
 17606 | Gauntlet | Found a transporter.
 17815 | Gauntlet | Found a transporter.
 17819 | Gauntlet | Found a transporter.
 17823 | Gauntlet | Noticed a wizard
 17829 | Gauntlet | Found a transporter.
 17829 | Gauntlet | Found a transporter.
 17831 | Gauntlet | Noticed an entropy weaver
 17837 | Gauntlet | Found a transporter.
 17837 | Gauntlet | Noticed a wolf spider
 17855 | Gauntlet | Found a transporter.
 17870 | Gauntlet | Noticed a thrashing horror
 17872 | Gauntlet | Found a transporter.
 17875 | Gauntlet | Found a transporter.
 17885 | Gauntlet | Found a transporter.
 17937 | Gauntlet | Killed a necromancer
 18102 | Gauntlet | Reached XP level 12. HP: 44/94 MP: 4/12
 18397 | Gauntlet | Identified the +12 great sword "Human's Foe" {freeze,
                  | Fragile Str+5 Int+5}
 18414 | Gauntlet | Noticed a minotaur
 18430 | Gauntlet | HP: 7/141 [minotaur/+1 vorpal flail (4)]
 18432 | Gauntlet | HP: 3/141 [minotaur/+1 vorpal flail (2)]
 18433 | Gauntlet | Demolished by a minotaur

Illustrated notes

.....####.....# #.##.# #
.....# #####.### #.##'### #
.....# #...####.#....# #
###### ###.#....#....# #
##### ########.#....#....#
# ....#
#.............#....# #
....# #.......##.##......#
#
....####....<..##.##......#
#
....'..'.......'@....#....#
#
....####.......##..###....#
# ....#
#.......###...##'### #
....# ######### ###..#..##
# ##### ##.#...# # #.#.#.#
# #.#.#.# # #.....# #
###...# #


Turn 1986 on D:2: Scarf behind iguana

Levels and vault maps discovered:
D:1:      dpeg_arrival_morbid_curiosity, layout_rooms, serial_shops, shop,
          interstate_on_off
D:2:      layout_basic
D:3:      layout_rooms, doesnt_xom_only_xom, lemuel_blue_sif_altar
D:4:      layout_cave_pods, nicolae_hepliaklqana_ecumenical_no_more,
          lemuel_tele_altar, st_stairs_12
D:5:      layout_loops_corners, minmay_temple_entry_hall
D:6:      layout_cave_pools, minmay_overflow_temple_star_hex,
          nicolae_ossuary_entry_catacombs, minivault_11, uniq_duvessa
D:7:      layout_loops_cross, kennysheep_mini_moat, vehumet_crystals,
          serial_shops, nicolae_stop_n_shop_1, nicolae_shop_overcharged_wands,
          uniq_menkaure
D:8:      layout_basic, grunt_temple_overflow_bloody_war,
          evilmike_ruin_ashenzari, chequers_mini_garden, uniq_psyche,
          uniq_gastronok, uniq_grum
D:9:      layout_irregular_city, nicolae_tso_carved_into_rock, erik_lair_island,
          serial_shops, shop, shop, nicolae_shop_statue_plus, shop_fountains,
          nicolae_shop_behind_doors, bh_circular_ruins, uniq_maurice
D:10:     layout_gridville, david_orc_3, uniq_joseph
D:11:     layout_cave_pools, nrook_uturn, dreamdust_gnoll_shepherd
D:12:     layout_cave_pools, gauntlet_entry_generic, gammafunk_ghost_stat_death,
          hangedman_abyss_or_decor_lesser_grid
Temple:   hellmonk_temple_two_chambers
Gauntlet: minmay_gauntlet_mixed_big_or_small [gammafunk_gauntlet_arena_spirals,
          minmay_gauntlet_arena_77_fan, nicolae_gauntlet_swirl,
          minmay_gauntlet_arena_77_chump_sandwich,
          nicolae_gauntlet_arena_grate_2, minmay_gauntlet_arena_77_braids,
          gauntlet_exit_green]

Skill      XL: |  1  2  3  4  5  6  7  8  9 10 11 |
---------------+----------------------------------+-----
Long Blades    | 3 4 5 7 8 10 11 13 | 13.4
Shields        | 4 5 |  5.0
Fighting       | 4 5 7 8 |  8.7
Armour         | 4 5 7 8 |  8.7
Evocations     | 2 |  2.9

Action                   |  1- 3 |  4- 6 |  7- 9 | 10-12 || total
-------------------------+-------+-------+-------+-------++-------
Melee: Long sword        |    98 |   144 |   247 |   679 ||  1168
Throw: Stone             |     1 |     6 |    15 |    28 ||    50
       Dart              |       |     3 |     7 |    19 ||    29
       Javelin           |       |     2 |     3 |     2 ||     7
Evoke: Wand              |       |       |     6 |    21 ||    27
  Use: Scroll            |       |    12 |       |    11 ||    23
       Potion            |       |     1 |     2 |     9 ||    12
Armor: Scale mail        |    28 |       |       |       ||    28
       Chain mail        |    29 |    86 |   149 |   245 ||   509
       Skin              |       |       |       |    61 ||    61
       Plate armour      |       |       |       |    86 ||    86
Dodge: Dodged            |    29 |    37 |    82 |   203 ||   351
       Repelled          |       |       |     3 |     2 ||     5
Block: Buckler           |    22 |    31 |    77 |   162 ||   292
